| TOP OF THE 1ST |
|
Albuquerque Isotopes batting - Pitching for Las Vegas 51s : RHP Austin Kuhn
|
|
Pitching: RHP Austin Kuhn
|
|
|
Batting: RHB Logan Morgan
|
0-0: Called Strike 0-1: Foul Ball, location: 2F 0-2: Ground out 3-1 (Groundball, 13, EV 85.6 MPH)
|
|
Batting: RHB Mike Thornton
|
0-0: Foul Ball, location: 2F 0-1: Foul Ball, location: 2F 0-2: Strikes out looking
|
|
Batting: RHB Eddie McCoy
|
0-0: Ball 1-0: Ball 2-0: Foul Ball, location: 2F 2-1: Swinging Strike 2-2: Foul Ball, location: 2F 2-2: Strikes out looking
|
| Top of the 1st over - 0 runs, 0 hits, 0 errors, 0 left on base; Albuquerque 0 - Las Vegas 0 |
| BOTTOM OF THE 1ST |
|
Las Vegas 51s batting - Pitching for Albuquerque Isotopes : RHP Alberto Pickett
|
|
Pitching: RHP Alberto Pickett
|
|
|
Batting: LHB Jose Chavez
|
0-0: Ball 1-0: Ball 2-0: Ball 3-0: Called Strike 3-1: Base on Balls
|
|
Batting: LHB Elmo Dreier
|
0-0: Ball 1-0: Ball 2-0: Ball 3-0: Called Strike 3-1: Grounds out, U3 (Groundball, 3L, EV 87.5 MPH)
|
|
Batting: RHB Josh Jones
|
0-0: Called Strike Jose Chavez steals 3rd base 0-1: Ball 1-1: Fly out, F9 (Flyball, 89S, EV 75.0 MPH) Runner from 3rd tags up, SCORES, throw by RF
|
|
Batting: RHB Billy Walker
|
0-0: Foul Ball, location: 2F 0-1: Swinging Strike 0-2: Strikes out looking
|
| Bottom of the 1st over - 1 run, 0 hits, 0 errors, 0 left on base; Albuquerque 0 - Las Vegas 1 |
| TOP OF THE 2ND |
|
Albuquerque Isotopes batting - Pitching for Las Vegas 51s : RHP Austin Kuhn
|
|
Batting: RHB Ron Johansen
|
0-0: Fly out, F8 (Flyball, 8RD, EV 100.6 MPH)
|
|
Batting: LHB Gabe Harvey
|
0-0: Ball 1-0: Ball 2-0: Swinging Strike 2-1: Called Strike 2-2: Foul Ball, location: 2F 2-2: Strikes out looking
|
|
Batting: LHB Katsunan Akimoto
|
0-0: Called Strike 0-1: Ball 1-1: Foul Ball, location: 2F 1-2: Foul Ball, location: 2F 1-2: Foul Ball, location: 2F 1-2: Strikes out swinging
|
| Top of the 2nd over - 0 runs, 0 hits, 0 errors, 0 left on base; Albuquerque 0 - Las Vegas 1 |
| BOTTOM OF THE 2ND |
|
Las Vegas 51s batting - Pitching for Albuquerque Isotopes : RHP Alberto Pickett
|
|
Batting: RHB Masaya Nakamura
|
0-0: Foul Ball, location: 2F 0-1: Fly out, F7 (Flyball, 7D, EV 85.6 MPH)
|
|
Batting: RHB Mike Phillips
|
0-0: Ball 1-0: Foul Ball, location: 2F 1-1: Swinging Strike 1-2: Foul Ball, location: 2F 1-2: Ground out 4-3 (Groundball, 4, EV 80.0 MPH)
|
|
Batting: RHB Bobby Coulombe
|
0-0: Called Strike 0-1: Foul Ball, location: 2F 0-2: Foul Ball, location: 2F 0-2: Fly out, F8 (Flyball, 89D, EV 97.5 MPH)
|
| Bottom of the 2nd over - 0 runs, 0 hits, 0 errors, 0 left on base; Albuquerque 0 - Las Vegas 1 |
| TOP OF THE 3RD |
|
Albuquerque Isotopes batting - Pitching for Las Vegas 51s : RHP Austin Kuhn
|
|
Batting: LHB Alan Bianchard
|
0-0: Foul Ball, location: 2F 0-1: Ground out 6-3 (Groundball, 6M, EV 101.9 MPH)
|
|
Batting: RHB Bobby Heagle
|
0-0: Ball 1-0: DOUBLE (Flyball, 78D, EV 104.4 MPH)
|
|
Batting: SHB Mitchell Greene
|
0-0: Foul Ball, location: 2F 0-1: Ball 1-1: Ground out U3 (Groundball, 34, EV 86.9 MPH) Bobby Heagle to third
|
|
Batting: RHB Logan Morgan
|
0-0: Called Strike 0-1: SINGLE (Flyball, 78S, EV 92.5 MPH) Bobby Heagle scores
|
|
Batting: RHB Mike Thornton
|
0-0: Called Strike 0-1: Called Strike 0-2: Strikes out swinging
|
| Top of the 3rd over - 1 run, 2 hits, 0 errors, 1 left on base; Albuquerque 1 - Las Vegas 1 |
| BOTTOM OF THE 3RD |
|
Las Vegas 51s batting - Pitching for Albuquerque Isotopes : RHP Alberto Pickett
|
|
Batting: RHB Larry Shoop
|
0-0: Ball 1-0: Ball 2-0: Foul Ball, location: 2F 2-1: Ground out U3 (Groundball, 34, EV 81.9 MPH)
|
|
Batting: RHB Gang-sheng Chew
|
0-0: Called Strike 0-1: Foul Ball, location: 2F 0-2: Fly out, F5 (Popup, 25F, EV 85.0 MPH)
|
|
Batting: LHB Jose Chavez
|
0-0: Ball 1-0: Ball 2-0: Called Strike 2-1: SINGLE (Line Drive, 9S, EV 95.0 MPH)
|
|
Batting: LHB Elmo Dreier
|
0-0: Called Strike Jose Chavez steals 2nd base (no throw) 0-1: Ball 1-1: Foul Ball, location: 2F 1-2: Ground out 5-3 (Groundball, 56, EV 79.4 MPH)
|
| Bottom of the 3rd over - 0 runs, 1 hit, 0 errors, 1 left on base; Albuquerque 1 - Las Vegas 1 |
| TOP OF THE 4TH |
|
Albuquerque Isotopes batting - Pitching for Las Vegas 51s : RHP Austin Kuhn
|
|
Batting: RHB Eddie McCoy
|
0-0: Foul Ball, location: 2F 0-1: Ground out 6-3 (Groundball, 6, EV 100.6 MPH)
|
|
Batting: RHB Ron Johansen
|
0-0: Ball 1-0: Swinging Strike 1-1: Ball 2-1: Swinging Strike 2-2: Strikes out looking
|
|
Batting: LHB Gabe Harvey
|
0-0: Called Strike 0-1: Ball 1-1: Ground out 4-3 (Groundball, 4, EV 90.6 MPH)
|
| Top of the 4th over - 0 runs, 0 hits, 0 errors, 0 left on base; Albuquerque 1 - Las Vegas 1 |
| BOTTOM OF THE 4TH |
|
Las Vegas 51s batting - Pitching for Albuquerque Isotopes : RHP Alberto Pickett
|
|
Batting: RHB Josh Jones
|
0-0: Called Strike 0-1: Fly out, F2 (Popup, 15S, EV 79.4 MPH)
|
|
Batting: RHB Billy Walker
|
0-0: Ball 1-0: Swinging Strike 1-1: Fly out, F7 (Flyball, 78M, EV 87.5 MPH)
|
|
Batting: RHB Masaya Nakamura
|
0-0: Ball 1-0: Ball 2-0: Fly out, F8 (Flyball, 8RD, EV 91.2 MPH)
|
| Bottom of the 4th over - 0 runs, 0 hits, 0 errors, 0 left on base; Albuquerque 1 - Las Vegas 1 |
| TOP OF THE 5TH |
|
Albuquerque Isotopes batting - Pitching for Las Vegas 51s : RHP Austin Kuhn
|
|
Batting: LHB Katsunan Akimoto
|
0-0: Foul Ball, location: 2F 0-1: Foul Ball, location: 2F 0-2: Strikes out swinging
|
|
Batting: LHB Alan Bianchard
|
0-0: Ball 1-0: Ball 2-0: Swinging Strike 2-1: Swinging Strike 2-2: Ball 3-2: Fly out, F8 (Line Drive, 8LD, EV 88.8 MPH)
|
|
Batting: RHB Bobby Heagle
|
0-0: Ball 1-0: Ground out 6-3 (Groundball, 56, EV 84.4 MPH)
|
| Top of the 5th over - 0 runs, 0 hits, 0 errors, 0 left on base; Albuquerque 1 - Las Vegas 1 |
| BOTTOM OF THE 5TH |
|
Las Vegas 51s batting - Pitching for Albuquerque Isotopes : RHP Alberto Pickett
|
|
Batting: RHB Mike Phillips
|
0-0: Called Strike 0-1: Foul Ball, location: 2F 0-2: Strikes out swinging
|
|
Batting: RHB Bobby Coulombe
|
0-0: Ball 1-0: Ball 2-0: Ball 3-0: Called Strike 3-1: Swinging Strike 3-2: Strikes out swinging
|
|
Batting: RHB Larry Shoop
|
0-0: Ball 1-0: Called Strike 1-1: Fly out, F7 (Line Drive, 7LM, EV 95.0 MPH)
|
| Bottom of the 5th over - 0 runs, 0 hits, 0 errors, 0 left on base; Albuquerque 1 - Las Vegas 1 |
| TOP OF THE 6TH |
|
Albuquerque Isotopes batting - Pitching for Las Vegas 51s : RHP Austin Kuhn
|
|
Batting: SHB Mitchell Greene
|
0-0: Hit by Pitch
|
|
Batting: RHB Logan Morgan
|
0-0: Ball 1-0: Ball Mitchell Greene steals 2nd base 2-0: Ball 3-0: Ground out 6-3 (Groundball, 6, EV 105.0 MPH)
|
|
Batting: RHB Mike Thornton
|
0-0: Called Strike 0-1: Ball 1-1: Called Strike 1-2: Ball 2-2: Ball 3-2: Strikes out swinging
|
|
Batting: RHB Eddie McCoy
|
0-0: Ball 1-0: Ball 2-0: Foul Ball, location: 2F 2-1: Foul Ball, location: 2F 2-2: Ball 3-2: Foul Ball, location: 2F 3-2: Foul Ball, location: 2F 3-2: SINGLE (Groundball, 56D, EV 106.9 MPH) Mitchell Greene to third Runner from 3rd tries for Home, SAFE, throw by LF to home Eddie McCoy to second
|
|
Batting: RHB Ron Johansen
|
0-0: Ground out 6-3 (Groundball, 56, EV 102.5 MPH)
|
| Top of the 6th over - 1 run, 1 hit, 0 errors, 1 left on base; Albuquerque 2 - Las Vegas 1 |
| BOTTOM OF THE 6TH |
|
Las Vegas 51s batting - Pitching for Albuquerque Isotopes : RHP Alberto Pickett
|
|
Batting: RHB Gang-sheng Chew
|
0-0: Ball 1-0: Foul Ball, location: 2F 1-1: Ball 2-1: Foul Ball, location: 2F 2-2: Foul Ball, location: 2F 2-2: Fly out, F9 (Flyball, 9, EV 91.9 MPH)
|
|
Batting: LHB Jose Chavez
|
0-0: Ball 1-0: Ball 2-0: Called Strike 2-1: Foul Ball, location: 2F 2-2: Ball 3-2: Base on Balls
|
|
Batting: LHB Elmo Dreier
|
0-0: Foul Ball, location: 2F 0-1: Ball Jose Chavez steals 2nd base (no throw) 1-1: Swinging Strike 1-2: Foul Ball, location: 2F 1-2: Ball 2-2: Foul Ball, location: 2F 2-2: SINGLE (Groundball, 4MD, EV 97.5 MPH) Jose Chavez to third Runner from 3rd tries for Home, SAFE, throw by CF to home
|
|
Batting: RHB Josh Jones
|
0-0: Ball 1-0: Swinging Strike 1-1: Called Strike 1-2: Ball 2-2: Foul Ball, location: 2F 2-2: Foul Ball, location: 2F 2-2: Ball 3-2: Hit by Pitch Elmo Dreier to second
|
|
Pitching: RHP Jason Miles
|
|
|
Batting: RHB Billy Walker
|
0-0: Called Strike 0-1: Called Strike 0-2: Ball 1-2: Foul Ball, location: 2F 1-2: Ball 2-2: Strikes out swinging
|
|
Batting: RHB Masaya Nakamura
|
0-0: Called Strike 0-1: Ball 1-1: Swinging Strike 1-2: Foul Ball, location: 2F 1-2: Fielders Choice at 2nd, 6-4 (Groundball, 6, EV 83.1 MPH)
|
| Bottom of the 6th over - 1 run, 1 hit, 0 errors, 2 left on base; Albuquerque 2 - Las Vegas 2 |
| TOP OF THE 7TH |
|
Albuquerque Isotopes batting - Pitching for Las Vegas 51s : RHP Austin Kuhn
|
|
Batting: LHB Gabe Harvey
|
0-0: Ground out 4-3 (Groundball, 34, EV 86.9 MPH)
|
|
Batting: LHB Katsunan Akimoto
|
0-0: Ball 1-0: Foul Ball, location: 2F 1-1: Called Strike 1-2: Foul Ball, location: 2F 1-2: Foul Ball, location: 2F 1-2: Strikes out looking
|
|
Batting: LHB Alan Bianchard
|
0-0: Fly out, F7 (Line Drive, 78M, EV 90.6 MPH)
|
| Top of the 7th over - 0 runs, 0 hits, 0 errors, 0 left on base; Albuquerque 2 - Las Vegas 2 |
| BOTTOM OF THE 7TH |
|
Las Vegas 51s batting - Pitching for Albuquerque Isotopes : RHP Jason Miles
|
|
Batting: RHB Mike Phillips
|
0-0: Foul Ball, location: 2F 0-1: Foul Ball, location: 2F 0-2: Ball 1-2: Fly out, F8 (Flyball, 8RM, EV 84.4 MPH)
|
|
Batting: RHB Bobby Coulombe
|
0-0: Ball 1-0: Called Strike 1-1: Ground out 6-3 (Groundball, 6, EV 97.5 MPH)
|
|
Batting: RHB Larry Shoop
|
0-0: Swinging Strike 0-1: Foul Ball, location: 2F 0-2: Strikes out looking
|
| Bottom of the 7th over - 0 runs, 0 hits, 0 errors, 0 left on base; Albuquerque 2 - Las Vegas 2 |
| TOP OF THE 8TH |
|
Albuquerque Isotopes batting - Pitching for Las Vegas 51s : RHP Austin Kuhn
|
|
Batting: RHB Bobby Heagle
|
0-0: Called Strike 0-1: Ball 1-1: Ball 2-1: SINGLE (Groundball, 56D, EV 98.1 MPH)
|
|
Batting: SHB Mitchell Greene
|
0-0: Bunted foul 0-1: Bunted foul 0-2: Strikes out swinging
|
|
Batting: RHB Logan Morgan
|
0-0: Ball 1-0: Called Strike 1-1: SINGLE (Line Drive, 56D, EV 98.1 MPH) Bobby Heagle to second
|
|
Batting: RHB Mike Thornton
|
0-0: Ball 1-0: Ball 2-0: Fly out, F7 (Flyball, 78M, EV 86.9 MPH)
|
|
Batting: RHB Eddie McCoy
|
0-0: Ball 1-0: Called Strike 1-1: Ball 2-1: Foul Ball, location: 2F 2-2: Ball 3-2: Foul Ball, location: 2F 3-2: Foul Ball, location: 2F 3-2: Strikes out looking
|
| Top of the 8th over - 0 runs, 2 hits, 0 errors, 2 left on base; Albuquerque 2 - Las Vegas 2 |
| BOTTOM OF THE 8TH |
|
Las Vegas 51s batting - Pitching for Albuquerque Isotopes : RHP Jason Miles
|
|
Pinch Hitting: LHB Adam Hairston
|
0-0: SINGLE (Line Drive, 78M, EV 104.4 MPH)
|
|
Batting: LHB Jose Chavez
|
0-0: Ball 1-0: Called Strike 1-1: SINGLE (Groundball, 6MS, EV 66.2 MPH) (infield hit) Adam Hairston to second
|
|
Batting: LHB Elmo Dreier
|
0-0: Ball 1-0: Sac Bunt to 5S - play at first, batter OUT! 5-4 Adam Hairston to third Jose Chavez to second
|
|
Batting: RHB Josh Jones
|
0-0: Called Strike 0-1: Foul Ball, location: 2F 0-2: Foul Ball, location: 2F 0-2: Strikes out swinging
|
|
Batting: RHB Billy Walker
|
0-0: Ball 1-0: Swinging Strike 1-1: Ball 2-1: Called Strike 2-2: Strikes out swinging
|
| Bottom of the 8th over - 0 runs, 2 hits, 0 errors, 2 left on base; Albuquerque 2 - Las Vegas 2 |
| TOP OF THE 9TH |
|
Albuquerque Isotopes batting - Pitching for Las Vegas 51s : RHP Austin Kuhn
|
|
Pitching: RHP Brian Wood
|
|
|
Now at 3B: Tomas Caldera
|
|
|
Batting: RHB Ron Johansen
|
0-0: Ball 1-0: Ball 2-0: Ball 3-0: Base on Balls
|
|
Batting: LHB Gabe Harvey
|
0-0: Ball 1-0: Called Strike Ron Johansen steals 2nd base 1-1: DOUBLE (Flyball, 8RXD, EV 100.6 MPH) Ron Johansen scores
|
|
Batting: LHB Katsunan Akimoto
|
0-0: Called Strike 0-1: Called Strike 0-2: Foul Ball, location: 2F 0-2: Ground out 4-3 (Groundball, 4S, EV 94.4 MPH) Gabe Harvey to third
|
|
Batting: LHB Alan Bianchard
|
0-0: Called Strike 0-1: Ball 1-1: Called Strike 1-2: Ball 2-2: Strikes out swinging
|
|
Batting: RHB Bobby Heagle
|
0-0: Foul Ball, location: 2F 0-1: Ball 1-1: SINGLE (Groundball, 25, EV 66.2 MPH) (infield hit) Gabe Harvey scores
|
|
Batting: SHB Mitchell Greene
|
0-0: Foul Ball, location: 2F 0-1: Ball 1-1: Swinging Strike 1-2: Ball 2-2: Strikes out swinging
|
| Top of the 9th over - 2 runs, 2 hits, 0 errors, 1 left on base; Albuquerque 4 - Las Vegas 2 |
| BOTTOM OF THE 9TH |
|
Las Vegas 51s batting - Pitching for Albuquerque Isotopes : RHP Jason Miles
|
|
Pitching: RHP Nick Butler
|
|
|
Batting: RHB Masaya Nakamura
|
0-0: Ball 1-0: Called Strike 1-1: Ground out U3 (Groundball, 34S, EV 85.6 MPH)
|
|
Batting: RHB Mike Phillips
|
0-0: Called Strike 0-1: Fly out, F9 (Line Drive, 9S, EV 92.5 MPH)
|
|
Batting: RHB Bobby Coulombe
|
0-0: Ball 1-0: Foul Ball, location: 2F 1-1: Swinging Strike 1-2: Foul Ball, location: 2F 1-2: Foul Ball, location: 2F 1-2: Ball 2-2: Ball 3-2: Foul Ball, location: 2F 3-2: Strikes out swinging
|
| Bottom of the 9th over - 0 runs, 0 hits, 0 errors, 0 left on base; Albuquerque 4 - Las Vegas 2 |
|